 Dungeon Crawl Stone Soup version 0.20.1-1-g8b1a95d (webtiles) character file.

5201 Linguinho the Grappler (level 10, -2/94 HPs)
             Began as a Troll Monk on Nov 13, 2017.
             Was an Elder of Cheibriados.
             Slain by a killer bee (4 damage)
             ... on level 8 of the Dungeon.
             The game lasted 00:10:44 (6295 turns).

Linguinho the Grappler (Troll Monk)                 Turns: 6295, Time: 00:10:45

Health: -2/94      AC:  5    Str: 33    XL:     10   Next: 34%
Magic:  9/9        EV: 14    Int: 15    God:    Cheibriados [****..]
Gold:   287        SH:  0    Dex: 21    Spells: 9/9 levels left

rFire    . . .     SeeInvis .     - Unarmed
rCold    . . .     Gourm    +   (no shield)
rNeg     . . .     Faith    .   a - +0 robe
rPois    .         Spirit   .   (helmet restricted)
rElec    .         Reflect  .   g - scarf {cloud immunity}
rCorr    +         Harm     .   (gloves unavailable)
MR       .....                  (boots unavailable)
Stlth    ++++......             (no amulet)
Regen    0.7/turn               t - ring of stealth
MPRegen  0.2/turn               y - ring of resist corrosion

@: lethally poisoned (-2 -> -2), about to teleport, very slow
A: unfitting armour, claws 3, fast metabolism 3, gourmand, regeneration 1,
shaggy fur 1, tough skin 2
a: Bend Time, Temporal Distortion, Slouch, Renounce Religion


You were on level 8 of the Dungeon.
You worshipped Cheibriados.
Cheibriados was greatly pleased with you.
You were very full.

You visited 2 branches of the dungeon, and saw 9 of its levels.

You collected 287 gold pieces.

Inventory:

Armour
 a - a +0 robe (worn)
 g - a scarf of cloud immunity (worn)
Jewellery
 t - a ring of stealth (left claw)
 y - a ring of resist corrosion (right claw)
Wands
 j - a wand of lightning (8/15)
Scrolls
 i - a scroll of magic mapping
 o - a scroll of vulnerability {unknown}
 p - 2 scrolls of recharging
 q - 3 scrolls of remove curse
 v - a scroll of random uselessness {unknown}
 w - a scroll of noise {unknown}
 A - a scroll of enchant weapon
Potions
 c - 2 potions of might {unknown}
 e - 2 potions of degeneration {unknown}
 k - 3 potions of magic
 m - a potion of cancellation {unknown}
 r - 2 potions of lignification {unknown}
 s - 4 potions of flight {unknown}
 B - a potion of resistance {unknown}
 C - a potion of agility {unknown}
Books
 u - a book of Cantrips

   Spells                             Type                      Level
   a - Confusing Touch                Hexes                        1
   b - Animate Skeleton               Necromancy                   1
   c - Summon Small Mammal            Summoning                    1
   d - Apportation                    Translocation                1
Comestibles
 b - 5 bread rations
 d - 5 meat rations
 h - 5 royal jellies
 x - 6 fruits


   Skills:
 + Level 4.7 Fighting
 + Level 6.1 Dodging
 + Level 4.0 Stealth
 + Level 11.6 Unarmed Combat


You had 9 spell levels left.
You didn't know any spells.

Dungeon Overview and Level Annotations

Branches:
Dungeon (8/15)             Temple (1/1) D:6
   Lair: D:8-11

Altars:
Ashenzari
Cheibriados
Dithmenos
Elyvilon
Fedhas
Gozag
Hepliaklqana
Kikubaaqudgha
Makhleb
Nemelex Xobeh
Okawaru
Qazlal
Ru
Sif Muna
Trog
Uskayaw
Vehumet
Xom
Yredelemnul
Zin
The Shining One

Annotations:
D:3 2 transporters


Innate Abilities, Weirdness & Mutations

You are too large for most types of armour.
You have claws for hands.
Your metabolism is lightning-fast.
You like to eat raw meat.
Your natural rate of healing is unusually fast.
You are covered in fur. (AC +1)
You have very tough skin. (AC +2)


Message History

You feel strangely unstable. The killer bee stings you!
* * * LOW HITPOINT WARNING * * *
The killer bee barely misses you. The killer bee stings you.
* * * LOW HITPOINT WARNING * * *
The killer bee stings you!
* * * LOW HITPOINT WARNING * * *
You are poisoned.
The killer bee poisons you! The killer bee barely misses you.
The killer bee closely misses you. The killer bee stings you.
* * * LOW HITPOINT WARNING * * *
The killer bee misses you.
You mangle the killer bee!!
You kill the killer bee!
Cheibriados thoroughly appreciates the change of pace.
You feel sick. The killer bee closely misses you.
The killer bee completely misses you. The killer bee barely misses you.
The killer bee stings you.
* * * LOW HITPOINT WARNING * * *
The killer bee closely misses you. The killer bee stings you.
You die...

#.......#......# ##
+....†..'......+ ...
#.......#......#..#
#.......#..##..#..##
#.......#.)###......
........<#..".......#
#.##########.#....._.#.#
.. ..................
#.....@y..8.....#
#....y†y........#
............._....
#......#)........
#...##.##....###.#
#...#............. #..
#..#..†...#### #.
#..#......# # #......#


You could see 3 killer bees.

Vanquished Creatures
  2 two-headed ogres
  Pikel (D:7)
  A slime creature (D:6)
  Sigmund (D:2)
  2 hippogriffs
  Menkaure (D:6)
  Duvessa (D:6)
  A black bear (D:4)
  3 sky beasts
  A phantom (D:3)
  An orc warrior (D:5)
  An ice beast (D:6)
  4 ogres
  3 bullfrogs
  Dowan (D:6)
  2 scorpions (D:4)
  5 killer bees
  2 howler monkeys
  A crimson imp (D:6)
  A quasit (D:5)
  9 jellies
  3 orc priests
  2 hounds
  2 orc wizards (D:7)
  A centaur skeleton (D:4)
  An iguana (D:4)
  4 worker ants
  A killer bee zombie (D:7)
  A hound skeleton (D:4)
  Robin (D:3)
  3 adders
  A shadow imp (D:6)
  12 oozes
  An adder zombie (D:6)
  3 worms
  3 dart slugs
  3 leopard geckos
  14 orcs
  2 ball pythons
  11 bats
  2 giant cockroaches
  20 goblins
  6 hobgoblins
  5 jackals
  8 kobolds
  5 quokkas
  6 frilled lizards
  7 rats
172 creatures vanquished.

Vanquished Creatures (others)
  A slave (D:7)
  A killer bee (D:7)
  A howler monkey zombie (D:7)
  3 fungi (D:6)
6 creatures vanquished.

Grand Total: 178 creatures vanquished

Notes
Turn   | Place    | Note
-------+----------+-------------------------------------------
     0 | D:1      | Linguinho the Troll Monk began the quest for the Orb.
     0 | D:1      | Reached XP level 1. HP: 22/22 MP: 0/0
   171 | D:1      | Reached XP level 2. HP: 25/29 MP: 1/1
   700 | D:1      | Reached XP level 3. HP: 30/36 MP: 2/2
  1239 | D:2      | Noticed Sigmund
  1319 | D:2      | Killed Sigmund
  1319 | D:2      | Reached skill level 4 in Unarmed Combat
  1319 | D:2      | Reached XP level 4. HP: 30/45 MP: 3/3
  1319 | D:2      | Reached XP level 5. HP: 35/53 MP: 4/4
  1332 | D:2      | Found a radiant altar of Vehumet.
  1333 | D:2      | Found a bloodstained altar of Trog.
  1391 | D:2      | Found a white marble altar of Elyvilon.
  1740 | D:2      | Found a stormy altar of Qazlal.
  1741 | D:2      | Found a shadowy altar of Dithmenos.
  1867 | D:3      | Found a sparkling altar of Nemelex Xobeh.
  2182 | D:3      | Found a transporter.
  2226 | D:3      | Found a transporter.
  2230 | D:3      | Noticed a kobold demonologist
  2230 | D:3      | Noticed Robin
  2264 | D:3      | Killed Robin
  2269 | D:3      | Reached skill level 5 in Unarmed Combat
  2285 | D:3      | Noticed a phantom
  2292 | D:3      | Killed a phantom
  2292 | D:3      | Reached XP level 6. HP: 56/61 MP: 5/5
  2535 | D:3      | Found a burning altar of Makhleb.
  3126 | D:4      | Reached skill level 6 in Unarmed Combat
  3126 | D:4      | Reached XP level 7. HP: 38/67 MP: 6/6
  3317 | D:4      | Noticed a hippogriff
  3326 | D:4      | Killed a hippogriff
  3447 | D:4      | Reached skill level 7 in Unarmed Combat
  3544 | D:4      | Reached XP level 8. HP: 78/78 MP: 7/7
  3819 | D:5      | Entered Level 5 of the Dungeon
  4494 | D:5      | Reached skill level 8 in Unarmed Combat
  4574 | D:6      | Noticed Dowan
  4578 | D:6      | Noticed Duvessa
  4606 | D:6      | Killed Duvessa
  4606 | D:6      | Reached skill level 5 in Dodging
  4609 | D:6      | Killed Dowan
  4805 | D:6      | Found a burning altar of Makhleb.
  4807 | D:6      | Found a hazy altar of Hepliaklqana.
  4807 | D:6      | Found a stormy altar of Qazlal.
  4810 | D:6      | Found a sparkling altar of Nemelex Xobeh.
  4810 | D:6      | Found a shimmering altar of Xom.
  4810 | D:6      | Found a snail-covered altar of Cheibriados.
  4902 | D:6      | Found a staircase to the Ecumenical Temple.
  4941 | Temple   | Entered the Ecumenical Temple
  4949 | Temple   | Became a worshipper of Cheibriados the Contemplative
  4949 | Temple   | Reached * piety under Cheibriados
  4949 | Temple   | Reached ** piety under Cheibriados
  4982 | D:6      | Noticed a slime creature
  4983 | D:6      | Reached skill level 9 in Unarmed Combat
  4987 | D:6      | Reached XP level 9. HP: 81/84 MP: 8/8
  5011 | D:6      | HP: 3/84 [ooze (5)]
  5015 | D:6      | HP: 1/84 [acid (10)]
  5204 | D:6      | Noticed Menkaure
  5209 | D:6      | Killed Menkaure
  5551 | D:7      | Reached *** piety under Cheibriados
  5745 | D:7      | Reached skill level 10 in Unarmed Combat
  5813 | D:7      | Noticed a two-headed ogre
  5824 | D:7      | Killed a two-headed ogre
  5984 | D:7      | Noticed Pikel
  5994 | D:7      | Killed Pikel
  5994 | D:7      | Reached skill level 11 in Unarmed Combat
  5994 | D:7      | Reached XP level 10. HP: 53/94 MP: 9/9
  6226 | D:7      | Reached **** piety under Cheibriados
  6262 | D:8      | Noticed a two-headed ogre
  6264 | D:8      | Found a shattered altar of Ashenzari.
  6266 | D:8      | Killed a two-headed ogre
  6267 | D:8      | Found a shimmering altar of Xom.
  6267 | D:8      | Found an ancient bone altar of Kikubaaqudgha.
  6295 | D:8      | HP: 2/94 [killer bee (5)]
  6295 | D:8      | Slain by a killer bee

Skill      XL: |  1  2  3  4  5  6  7  8  9 10 |
---------------+-------------------------------+-----
Fighting       | 3 4 |  4.7
Dodging        | 3 4 5 6 |  6.1
Unarmed Combat | 4 5 6 7 9 11 | 11.6
Stealth        | 2 3 4 |  4.0

Action                   |  1- 3 |  4- 6 |  7- 9 | 10-12 || total
-------------------------+-------+-------+-------+-------++-------
Melee: Unarmed           |    90 |   101 |   230 |    31 ||   452
       Punch             |       |       |    14 |     3 ||    17
  Use: Scroll            |       |     7 |     1 |     4 ||    12
       Potion            |       |       |     2 |     1 ||     3
 Stab: Sleeping          |     2 |     3 |    10 |     3 ||    18
  Eat: Chunk             |    11 |    20 |    26 |       ||    57
Armor: Robe              |    26 |    24 |    50 |     8 ||   108
Dodge: Dodged            |    39 |    43 |   130 |    73 ||   285
